Cogmind - Beta 17.1 @@@ ROGUE MODE // 2026.09.14 @ 20:19:52 Player: Bean Result: Destroyed by Y-54 Guardian with Flak Gun Performance ------------- Evolutions (4) 2000 Regions Visited (9) 1800 Robots Destroyed (73) 365 Value Destroyed (2183) 2183 Prototype IDs (25) 500 Alien Tech Used (0) 0 Bonus (385) 385 TOTAL SCORE: 7233 Bonus ------- Follower Combat Kills 85 Aligned with FarCom 300 Cogmind --------- Core Integrity 0/850 Matter 274/300 Energy 84/100 System Corruption 0% Temperature Cool (12) Movement Core (200) Ox3 Location -6/Factory Parts ------- > --- POWER (3) -------- (None) > --- PROPULSION (3) --- (None) > --- UTILITY (7) ------ Improved Heat Sink Improved Terrain Scan Processor > --- WEAPON (2) ------- Heavy Machine Gun Heavy Machine Gun > --- INVENTORY (5) ---- Fusion Compressor Gravmag System Advanced ECM Suite Peak State ------------ > --- POWER ------------ Light Nuclear Core Light Angular Momentum Engine > --- PROPULSION ------- Titanium Leg Improved Titanium Leg Improved Titanium Leg > --- UTILITY ---------- Advanced Heat Sink Small Storage Unit Compact Battery Improved Terrain Scan Processor Improved Melee Analysis Suite Skeleton Box > --- WEAPON ----------- Pulse Rifle Heavy Laser > --- INVENTORY -------- Improved Titanium Leg Improved Melee Analysis Suite Improved Melee Analysis Suite Improved Melee Analysis Suite Improved Melee Analysis Suite Advanced ECM Suite [Rating: 50] Favorites ----------- Power Light Nuclear Core Engine Light Ion Engine Power Core Light Nuclear Core Propulsion Aluminum Leg Leg Aluminum Leg Utility Small Storage Unit Device Improved Terrain Scanner Storage Small Storage Unit Processor Improved Terrain Scan Processor Weapon Heavy Hammer Energy Gun Pulse Rifle Energy Cannon Beam Cannon Ballistic Gun Assault Rifle Launcher Grenade Launcher Impact Weapon Heavy Hammer Build | -11 -10 -10 -9 -9 -9 -8 -8 -7 -6 ------- Run | Yrd Mat Min Mat Min Exi Min Mat Fac Fac Slots Evolved 8 | . . . 2 . . . 2 2 2 Power 2 | . . . . . . . 1 . 1 Propulsion 1 | . . . 1 . . . . . . Utility 5 | . . . 1 . . . 1 2 1 Weapon . | . . . . . . . . . . Parts Attached 61 | 7 11 2 7 1 . 1 10 7 15 Power 9 | 1 1 1 1 . . . 2 . 3 Engine 6 | 1 1 . . . . . 2 . 2 Core 3 | . . 1 1 . . . . . 1 Reactor . | . . . . . . . . . . Propulsion 18 | 2 3 1 3 . . . 5 2 2 Treads . | . . . . . . . . . . Leg 18 | 2 3 1 3 . . . 5 2 2 Wheel . | . . . . . . . . . . Hover . | . . . . . . . . . . Flight . | . . . . . . . . . . Utility 13 | 2 2 . . . . 1 1 3 4 Device 9 | 1 2 . . . . 1 . 1 4 Storage 2 | 1 . . . . . . . 1 . Processor 2 | . . . . . . . 1 1 . Hackware . | . . . . . . . . . . Protection . | . . . . . . . . . . Artifact . | . . . . . . . . . . Weapon 21 | 2 5 . 3 1 . . 2 2 6 Energy Gun 7 | . 2 . 1 . . . . 2 2 Energy Cannon 2 | . 2 . . . . . . . . Ballistic Gun 9 | 2 . . 2 1 . . . . 4 Ballistic Cannon . | . . . . . . . . . . Launcher 1 | . 1 . . . . . . . . Special Weapon . | . . . . . . . . . . Impact Weapon 2 | . . . . . . . 2 . . Slashing Weapon . | . . . . . . . . . . Piercing Weapon . | . . . . . . . . . . Special Melee Weapon . | . . . . . . . . . . Unidentified Prototypes 1 | . . . 1 . . . . . . Parts Lost 29 | . 3 . 1 . . 1 6 . 18 Power 8 | . 1 . 1 . . . 2 . 4 Propulsion 8 | . 2 . . . . 1 1 . 4 Utility 7 | . . . . . . . 2 . 5 Weapon 6 | . . . . . . . 1 . 5 Highest Loss Streak 9 | . 2 . 1 . . 1 6 . 9 To Critical Strikes 1 | . 1 . . . . . . . . Average Backups 6 | 1 6 7 7 7 7 7 7 4 5 Power . | . . . . . . . . . . Propulsion . | . . 1 . 1 1 . 1 1 . Utility 2 | . 2 3 2 2 2 2 1 3 3 Weapon 2 | 1 2 3 3 4 4 4 3 . . Tool/Special . | . . . . . . . . . . Unused Backups 13 | . 1 1 2 . . . 3 . 6 Power 2 | . . 1 . . . . . . 1 Propulsion 1 | . . . . . . . . . 1 Utility 7 | . 1 . . . . . 2 . 4 Weapon 3 | . . . 2 . . . 1 . . Tool/Special . | . . . . . . . . . . Average Slot Usage (%) 92 | . 99 100 99 100 100 99 98 85 57 Engine 6 | . 13 5 . . . . 8 7 3 Core 5 | . . 8 10 11 11 11 8 . . Leg 26 | . 27 28 33 33 33 32 26 22 12 Device 18 | . 14 14 21 22 22 22 25 16 10 Storage 10 | . 14 14 11 11 11 11 9 9 8 Processor 2 | . . . . . . . 1 14 11 Energy Gun 4 | . 1 . 5 11 11 11 . 13 7 Energy Cannon 5 | . 16 14 7 . . . . . . Ballistic Gun 4 | . 9 . 7 11 11 11 . . 1 Launcher 1 | . . 14 1 . . . . . . Impact Weapon 4 | . . . . . . . 16 . . Peak Build Rating 50 | 9 11 12 18 19 20 24 35 41 50 Average Rating 21 | 4 9 10 15 18 19 23 29 37 30 On Entrance 16 | . 9 8 12 18 19 20 24 14 38 Avg Prop Armor Cover (%) . | . . . . . . . . . . Naked Turns . | . . . . . . . . . . Heaviest Build 30 | 14 16 17 19 20 20 20 26 20 30 Greatest Support 60 | 20 20 20 30 30 30 30 60 57 57 Greatest Overweight (x) 3 | . 1 . . . . . . . 3 Average Overweight (x) . | . . . . . . . . . . Largest Inventory Capacity 8 | 8 8 8 8 8 8 8 8 8 8 Average Capacity 7 | 7 8 8 8 8 8 8 8 8 6 Most Carried 8 | 4 8 8 8 8 8 8 8 7 8 Average Carried 6 | 1 6 7 7 7 7 7 7 4 5 Final Capacity 8 | 8 8 8 8 8 8 8 8 8 5 Final Carried 8 | 3 8 8 7 7 8 8 8 6 3 Class Distribution -------------------- 40% | Mutant 29% | Scavenger-Mutant 13% | Scavenger-Assassin 11% | Assassin 5% | Scavenger-Skirmisher Dominant Class ---------------- Mutant | -10/Materials Scavenger-Mutant | -10/Mines Scavenger-Mutant | -9/Materials Scavenger-Mutant | -9/Mines Scavenger-Mutant | -9/Exiles Scavenger-Skirmisher | -8/Mines Scavenger-Assassin | -8/Materials Mutant | -7/Factory Mutant | -6/Factory Resources | -11 -10 -10 -9 -9 -9 -8 -8 -7 -6 ----------- Run | Yrd Mat Min Mat Min Exi Min Mat Fac Fac Matter Collected 1299 | 202 309 60 245 23 . 50 110 . 300 Remotely . | . . . . . . . . . . Salvage Created 2575 | 57 665 112 730 48 . 93 381 . 489 Parts 137 | 10 38 6 42 6 . 12 9 . 14 Haulers Intercepted . | . . . . . . . . . . Recyclers Shooed 3 | . 2 . 1 . . . . . . Parts Field Recycled . | . . . . . . . . . . Retrieved Matter . | . . . . . . . . . . Parts Self-Destructed . | . . . . . . . . . . Prevented . | . . . . . . . . . . Parts Restored . | . . . . . . . . . . Kills | -11 -10 -10 -9 -9 -9 -8 -8 -7 -6 ------- Run | Yrd Mat Min Mat Min Exi Min Mat Fac Fac Combat Hostiles Destroyed 59 | . 13 3 15 3 . 6 6 . 13 Melee 3 | . . . . . . . 3 . . Guns 32 | . 4 . 8 3 . 6 . . 11 Cannons 14 | . 7 2 5 . . . . . . AOE 5 | . 2 1 2 . . . . . . Classes Destroyed 9 | 1 5 . 2 . . . 1 . . Worker 2 | . 1 . 1 . . . . . . Tunneler 2 | 2 . . . . . . . . . Recycler 2 | . 2 . . . . . . . . Watcher 8 | . 2 . 4 . . . 2 . . Swarmer 21 | . 3 . 3 3 . 6 . . 6 Grunt 30 | . 10 3 8 . . . 3 . 6 Brawler 1 | . . . 1 . . . . . . Sentry 5 | . . . 3 . . . 1 . 1 Specialist 2 | . . . . . . . 2 . . Best Kill Streak 6 | 2 4 1 4 4 . 3 3 . 6 Combat Bots Only 6 | . 3 1 3 4 . 3 3 . 6 Max Kills in Single Turn 2 | 1 2 1 1 2 . 1 1 . 1 Gunslinging . | . . . . . . . . . . Exploded 2 | . 2 1 1 . . . . . . Melee 1 | . . . . . . . 1 . . Uniques/NPCs Destroyed . | . . . . . . . . . . Combat | -11 -10 -10 -9 -9 -9 -8 -8 -7 -6 -------- Run | Yrd Mat Min Mat Min Exi Min Mat Fac Fac Hostile Shots Fired 457 | . 55 4 45 4 . 25 41 18 265 Missed 145 | . 18 3 13 . . 5 5 11 90 Hits 312 | . 37 1 32 4 . 20 36 7 175 Projectile 312 | . 37 1 32 4 . 20 36 7 175 Critical Strikes 9 | . 2 . 1 . . . 1 . 5 Damage Taken 4822 | . 619 28 399 34 . 167 959 57 2559 Core 1227 | . 93 . 67 . . 24 187 6 850 Absorbed by Shields . | . . . . . . . . . . Core Remaining (%) 80 | 100 . 62 . . . 77 66 99 . Volleys Fired 193 | 3 52 7 45 3 . 11 . 2 70 Largest 2 | 2 2 2 2 2 . 2 . 2 2 Hottest 132 | 40 120 90 116 79 . 89 . 126 132 Shots Fired 331 | 6 100 8 89 6 . 22 . 4 96 Gun 236 | 6 41 . 61 6 . 22 . 4 96 Cannon 92 | . 59 7 26 . . . . . . Launcher 3 | . . 1 2 . . . . . . Special . | . . . . . . . . . . Kinetic 121 | 6 37 . 40 3 . 11 . . 24 Thermal 203 | . 59 7 47 3 . 11 . 4 72 Explosive 3 | . . 1 2 . . . . . . Electromagnetic 4 | . 4 . . . . . . . . Robot Hit Streak 16 | 2 8 3 10 4 . 3 . 3 16 Robot Miss Streak 5 | 2 5 1 4 1 . 5 . 1 5 Penetration Max . | . . . . . . . . . . Secondary Targets . | . . . . . . . . . . Shots Hit Robots 225 | 2 52 6 53 4 . 7 21 3 77 Core Hits 106 | 2 26 4 28 3 . 6 5 1 31 Critical Kills . | . . . . . . . . . . Critical Parts Destroyed 1 | . . . . . . . 1 . . Critical Strikes 9 | . . . 2 1 . . 1 . 5 Burn 8 | . . . 2 1 . . . . 5 Smash 1 | . . . . . . . 1 . . Melee Attacks 45 | . . . . . . . 45 . . Impact 45 | . . . . . . . 45 . . Slashing . | . . . . . . . . . . Piercing . | . . . . . . . . . . Sneak Attacks 1 | . . . . . . . 1 . . Combat Hostiles 1 | . . . . . . . 1 . . Follow-up Attacks 4 | . . . . . . . 4 . . Damage Inflicted 4779 | 27 1033 123 946 82 . 160 909 52 1447 Guns 2607 | 27 270 . 569 82 . 160 . 52 1447 Cannons 981 | . 563 106 312 . . . . . . Explosions 282 | . 200 17 65 . . . . . . Melee 909 | . . . . . . . 909 . . Ramming . | . . . . . . . . . . Kinetic 1065 | 27 270 . 277 32 . 111 . . 348 Thermal 2523 | . 563 106 604 50 . 49 . 52 1099 Explosive 282 | . 200 17 65 . . . . . . Electromagnetic . | . . . . . . . . . . Impact 909 | . . . . . . . 909 . . Slashing . | . . . . . . . . . . Piercing . | . . . . . . . . . . Highest Corruption . | . . . . . . . . . . Average Corruption . | . . . . . . . . . . Corruption Purged . | . . . . . . . . . . Corruption Blocked . | . . . . . . . . . . Overload Shots . | . . . . . . . . . . Overflow Damage 188 | . 29 . . . . . 159 . . Projectiles . | . . . . . . . . . . Explosions 29 | . 29 . . . . . . . . Melee 159 | . . . . . . . 159 . . Knockbacks 6 | . . . . . . . 6 . . Impact 6 | . . . . . . . 6 . . Kinetic . | . . . . . . . . . . Secondary . | . . . . . . . . . . Self-Inflicted Damage 186 | . 186 . . . . . . . . Shots 2 | . 2 . . . . . . . . Rammed . | . . . . . . . . . . Targets Rammed . | . . . . . . . . . . Kicked . | . . . . . . . . . . Crushed . | . . . . . . . . . . Highest Temperature 345 | . 345 78 192 45 . 144 . 78 240 Average Temperature 66 | . 68 30 55 23 . 68 . 44 102 Received Heat Transfer 1146 | . 216 15 168 . . . 153 18 576 Effects 4 | . 1 . . . . . . . 3 Shutdowns 1 | . 1 . . . . . . . . Interference 3 | . . . . . . . . . 3 Siege Activations . | . . . . . . . . . . Martial Activations . | . . . . . . . . . . Shielding Activations . | . . . . . . . . . . Robots Disrupted . | . . . . . . . . . . Combat Hostiles . | . . . . . . . . . . Robots Corrupted 4 | . . . . . . . 4 . . Combat Hostiles 3 | . . . . . . . 3 . . Parts Fried 4 | . . . . . . . 4 . . Impact Corruptions 6 | . . . . . . . 6 . . Robots Melted 2 | . . . . . . . . . 2 Combat Hostiles 2 | . . . . . . . . . 2 Parts Melted 9 | . 1 . 3 . . . . . 5 Heat Transferred 5920 | . 1184 222 1443 185 . 111 . 111 2664 Parts Sabotaged . | . . . . . . . . . . Parts Stolen . | . . . . . . . . . . Parts Stripped . | . . . . . . . . . . Power Chain Reactions . | . . . . . . . . . . Alert | -11 -10 -10 -9 -9 -9 -8 -8 -7 -6 ------- Run | Yrd Mat Min Mat Min Exi Min Mat Fac Fac Maximum Alert Level 1 | . 1 . . . . . . . 1 Low Security (%) 96 | 100 91 100 100 100 . 100 100 100 88 Level 1 3 | . 8 . . . . . . . 11 Level 2 . | . . . . . . . . . . Level 3 . | . . . . . . . . . . Level 4 . | . . . . . . . . . . Level 5 . | . . . . . . . . . . High Security . | . . . . . . . . . . Max Security . | . . . . . . . . . . Peak Influence 252 | 10 222 58 183 132 . 96 60 . 252 Initial 62 | . 6 58 9 62 . . 29 . . Average 60 | 1 119 27 128 120 . 61 7 . 50 Influence Increases 2136 | 10 519 148 437 70 . 156 196 . 600 Destroy 0b10 Robot/C 1240 | . 260 120 300 60 . 120 120 . 260 Destroy 0b10 Robot/NC 70 | 10 25 . 25 . . . 10 . . Destroy Leader 266 | . 64 20 78 10 . 20 34 . 40 Allied During Kill 4 | . . 4 . . . . . . . Successful Hack 25 | . 15 . 4 . . . 6 . . Disable Machine 120 | . 60 . 15 . . . 15 . 30 Destroy Structure 66 | . 35 4 15 . . 1 11 . . Partial Spotted 15 | . . . . . . . . . 15 Lose Combat Pursuer 330 | . 60 . . . . 15 . . 255 Influence Decreases 1892 | . 379 274 300 119 112 80 272 . 356 Entered New Map 369 | . 4 92 15 99 112 . 47 . . Time Decay 1231 | . 345 162 275 20 . 70 183 . 176 Lost Part 272 | . 30 . 10 . . 10 42 . 180 Lost Ally 20 | . . 20 . . . . . . . Squads Dispatched 14 | . 2 1 1 . . . 3 . 7 Investigation 4 | . 2 . . . . . . . 2 Extermination 1 | . . . . . . . . . 1 Reinforcement 5 | . . . 1 . . . 3 . 1 Assault 1 | . . 1 . . . . . . . Garrison 3 | . . . . . . . . . 3 Intercept . | . . . . . . . . . . Searches Triggered . | . . . . . . . . . . Construction Impeded . | . . . . . . . . . . Haulers Reinforced . | . . . . . . . . . . Active Scanning Responses . | . . . . . . . . . . Cargo Convoy Interrupts . | . . . . . . . . . . Stealth | -11 -10 -10 -9 -9 -9 -8 -8 -7 -6 --------- Run | Yrd Mat Min Mat Min Exi Min Mat Fac Fac Distress Signals 4 | . 1 . 1 . . . 2 . . Communications Jammed . | . . . . . . . . . . Distress Signals . | . . . . . . . . . . Times Spotted 104 | . 20 8 25 1 . 7 10 2 31 Peak Tracking Total 14 | . 4 4 3 1 . 4 3 1 14 Tactical Retreats 14 | . 2 . 5 . . 1 1 . 5 ECM-based Alert Blocks 6 | . . . 5 . . . 1 . . Traps | -11 -10 -10 -9 -9 -9 -8 -8 -7 -6 ------- Run | Yrd Mat Min Mat Min Exi Min Mat Fac Fac Traps Triggered 1 | . . . 1 . . . . . . Indirectly . | . . . . . . . . . . Trap Hack Attempts . | . . . . . . . . . . Triggered . | . . . . . . . . . . Disarmed . | . . . . . . . . . . Reprogrammed . | . . . . . . . . . . Reused . | . . . . . . . . . . Traps Extracted . | . . . . . . . . . . Installed . | . . . . . . . . . . Triggered . | . . . . . . . . . . Machines | -11 -10 -10 -9 -9 -9 -8 -8 -7 -6 ---------- Run | Yrd Mat Min Mat Min Exi Min Mat Fac Fac Machines Disabled 8 | . 4 . 1 . . . 1 . 2 Max in Single Turn 2 | . 2 . 1 . . . 1 . 1 Machines Repaired . | . . . . . . . . . . Machines Dismantled . | . . . . . . . . . . Machines Sabotaged . | . . . . . . . . . . Overloaded Fab Kills . | . . . . . . . . . . Hacking | -11 -10 -10 -9 -9 -9 -8 -8 -7 -6 --------- Run | Yrd Mat Min Mat Min Exi Min Mat Fac Fac Machines Accessed 18 | . 6 1 3 . 2 . 3 1 2 Terminals 13 | . 6 1 2 . . . 3 1 . Fabricators . | . . . . . . . . . . Repair Stations 1 | . . . . . . . . . 1 Recycling Units . | . . . . . . . . . . Scanalyzers 1 | . . . 1 . . . . . . Garrison Access 1 | . . . . . . . . . 1 Total Hacks 35 | . 13 1 7 . 2 . 7 1 4 Successful 13 | . 5 1 4 . 2 . 1 . . Failed 22 | . 8 . 3 . . . 6 1 4 Catastrophic 8 | . 1 . . . . . 4 . 3 Database Lockouts . | . . . . . . . . . . Manual 26 | . 12 1 4 . 1 . 7 1 . Terminals 27 | . 13 1 5 . . . 7 1 . Fabricators . | . . . . . . . . . . Repair Stations 2 | . . . . . . . . . 2 Recycling Units . | . . . . . . . . . . Scanalyzers 2 | . . . 2 . . . . . . Garrison Access 2 | . . . . . . . . . 2 Terminal Hacks 10 | . 5 1 2 . 2 . . . . Record 1 | . . . . . 1 . . . . Emergency Access Points 1 | . 1 . . . . . . . . Terminal Index 1 | . 1 . . . . . . . . Alert Level 3 | . 1 1 1 . . . . . . Locate Traps 3 | . 2 . 1 . . . . . . Proto ID Catalog 1 | . . . . . 1 . . . . Fabricator Hacks . | . . . . . . . . . . Repair Station Hacks . | . . . . . . . . . . Recycling Unit Hacks . | . . . . . . . . . . Scanalyzer 2 | . . . 2 . . . . . . Insert Component 1 | . . . 1 . . . . . . Analyze 1 | . . . 1 . . . . . . Garrison Access Hacks . | . . . . . . . . . . Unauthorized Hacks 1 | . . . . . . . 1 . . Terminals 1 | . . . . . . . 1 . . Assimilate 1 | . . . . . . . 1 . . Fabricators . | . . . . . . . . . . Repair Stations . | . . . . . . . . . . Recycling Units . | . . . . . . . . . . Scanalyzers . | . . . . . . . . . . Garrison Access . | . . . . . . . . . . Data Cores Recovered . | . . . . . . . . . . Used . | . . . . . . . . . . Hacking Detections 14 | . 4 1 3 . . . 3 1 2 Full Trace Events 6 | . 4 . . . . . . . 2 Feedback Events . | . . . . . . . . . . Feedback Blocked . | . . . . . . . . . . Robot Schematics Acquired . | . . . . . . . . . . Robots Built . | . . . . . . . . . . Authchips . | . . . . . . . . . . Time . | . . . . . . . . . . Total Robot Build Rating . | . . . . . . . . . . Part Schematics Acquired 1 | . . . 1 . . . . . . Parts Built . | . . . . . . . . . . Authchips . | . . . . . . . . . . Time . | . . . . . . . . . . Total Part Build Rating . | . . . . . . . . . . Part Studies Acquired . | . . . . . . . . . . Parts Repaired . | . . . . . . . . . . Time . | . . . . . . . . . . Parts Recycled . | . . . . . . . . . . Recycled Matter . | . . . . . . . . . . Retrieved Matter . | . . . . . . . . . . Retrieved Components . | . . . . . . . . . . Parts Scanalyzed 1 | . . . 1 . . . . . . Part Schematics Acquired 1 | . . . 1 . . . . . . Parts Damaged . | . . . . . . . . . . Bothacking | -11 -10 -10 -9 -9 -9 -8 -8 -7 -6 ------------ Run | Yrd Mat Min Mat Min Exi Min Mat Fac Fac Used RIF Installer . | . . . . . . . . . . Robots Hacked . | . . . . . . . . . . Non-combat . | . . . . . . . . . . Combat . | . . . . . . . . . . Robot Hacks Applied . | . . . . . . . . . . Relay Couplers Released . | . . . . . . . . . . Fabnet Peak Effective % . | . . . . . . . . . . Robots Rewired . | . . . . . . . . . . Allies Hacked . | . . . . . . . . . . Hacks Repelled . | . . . . . . . . . . Allies | -11 -10 -10 -9 -9 -9 -8 -8 -7 -6 -------- Run | Yrd Mat Min Mat Min Exi Min Mat Fac Fac Total Allies 2 | . . 1 . . . . 1 . . Largest Group 1 | . . 1 . . . . 1 1 . Highest-Rated Group 31 | . . 31 . . . . 10 10 . Highest-Rated Ally 31 | . . 31 . . . . 10 10 . Total Orders . | . . . . . . . . . . Ally Attacks 10 | . . 10 . . . . . . . Total Damage 149 | . . 149 . . . . . . . Kills 3 | . . 3 . . . . . . . Allies Corrupted . | . . . . . . . . . . Allies Melted . | . . . . . . . . . . Intel | -11 -10 -10 -9 -9 -9 -8 -8 -7 -6 ------- Run | Yrd Mat Min Mat Min Exi Min Mat Fac Fac Active Infowar (turns) 3583 | 6 814 345 634 57 292 177 1257 1 . Terrain 3435 | 6 759 285 634 57 292 177 1225 . . ECM 2357 | . 55 60 633 57 292 3 1256 1 . Robot Analysis Total . | . . . . . . . . . . Derelict Logs Recovered 2 | . . 2 . . . . . . . Drone Launches . | . . . . . . . . . . Drone Recoveries . | . . . . . . . . . . Exploration | -11 -10 -10 -9 -9 -9 -8 -8 -7 -6 ------------- Run | Yrd Mat Min Mat Min Exi Min Mat Fac Fac Turns Passed 4619 | 78 929 345 634 57 292 177 1271 236 600 Spaces Moved 2888 | 49 604 259 342 38 243 107 655 158 433 Core 254 | 8 . . . . . . . . 246 Treads . | . . . . . . . . . . Legs 2634 | 41 604 259 342 38 243 107 655 158 187 Wheels . | . . . . . . . . . . Hover . | . . . . . . . . . . Flight . | . . . . . . . . . . Fastest Speed 50 | 50 120 120 120 120 120 120 120 130 50 Average Speed 116 | 108 120 120 120 120 120 120 124 130 86 Slowest Speed 200 | 120 190 120 120 120 120 120 130 130 200 Overloaded Moves . | . . . . . . . . . . Propulsion Burnouts . | . . . . . . . . . . Robots Hopped . | . . . . . . . . . . Potential Cave-ins 5 | . . . . . . . 5 . . Cave-ins Triggered . | . . . . . . . . . . Exploration Rate (%) 32 | 3 79 47 39 12 62 25 40 5 12 Regions Visited 9 Branch Regions 4 Pre-discovered Areas 1 | . . 1 . . . . . . . Known Exits Taken . | . . . . . . . . . . Unknown Exits Taken 9 | 1 1 1 1 1 1 1 1 1 . Scrap Searched 2 | . . . . 1 . 1 . . . Spaces Dug 16 | . . . . . . . 16 . . Terrain Destroyed 73 | . 39 4 13 . . 1 16 . . Melee 16 | . . . . . . . 16 . . Projectile 1 | . . . . . . 1 . . . AOE 56 | . 39 4 13 . . . . . . Terrain Rammed . | . . . . . . . . . . Walls Destroyed . | . . . . . . . . . . Machines Disabled . | . . . . . . . . . . Actions | -11 -10 -10 -9 -9 -9 -8 -8 -7 -6 --------- Run | Yrd Mat Min Mat Min Exi Min Mat Fac Fac Total 3759 | 68 701 288 481 43 243 133 1046 183 573 Wait 445 | . 14 10 68 . . 13 309 8 23 Move 2879 | 48 603 258 341 37 242 106 654 157 433 Hop . | . . . . . . . . . . Pick Up 81 | 10 12 5 10 1 1 1 16 6 19 Fast Attach . | . . . . . . . . . . Attach 45 | 7 4 . 4 . . 1 4 8 17 Detach 3 | . 1 . . . . . 1 . 1 Swap 32 | . 11 3 6 1 . 1 8 2 . Drop 41 | . 4 5 7 1 . . 14 . 10 Fire 193 | 3 52 7 45 3 . 11 . 2 70 Melee 40 | . . . . . . . 40 . . Ram . | . . . . . . . . . . Kick . | . . . . . . . . . . Crush . | . . . . . . . . . . Escape Stasis . | . . . . . . . . . . Rewire . | . . . . . . . . . . Trap . | . . . . . . . . . . Miscellaneous . | . . . . . . . . . . Route ------- -11/Scrapyard -10/Materials (discovered 5 exits: *Mat x3 / *Min x2) -10/Mines -9/Materials (discovered 2 exits: *Mat / [*Min]) -9/Mines -9/Exiles -8/Mines -8/Materials -7/Factory -6/Factory History --------- Turn | Location | Event 4 | -11/Scrapyard | Discovered new exit (range 16) 79 | -11/Scrapyard | Entered Materials 165 | -10/Materials | Discovered new exit (range 13) 307 | -10/Materials | Build established: Mutant 311 | -10/Materials | Discovered new exit (range 3) 520 | -10/Materials | Discovered new exit (range 5) 703 | -10/Materials | Discovered new exit (range 16) 738 | -10/Materials | Discovered new exit (range 16) 1008 | -10/Materials | Entered Mines 1010 | -10/Mines | Learned location of Storage (-7) 1079 | -10/Mines | Met a Derelict bent on vengeance 1211 | -10/Mines | Met a Derelict testing a Signal Generator 1338 | -10/Mines | Discovered new exit (range 7) 1353 | -10/Mines | Entered Materials 1353 | -9/Materials | Evolved 2 slots: Propulsion x1, Utility x1 1432 | -9/Materials | Build established: Scavenger-Mutant 1766 | -9/Materials | Discovered new exit (range 11) 1923 | -9/Materials | Discovered new exit (range 6) 1987 | -9/Materials | Entered Mines 2012 | -9/Mines | A weapon hastily lodged in a ceiling crevice suddenly fell to the ground 2038 | -9/Mines | Deemed a non-threat by the Exiles lab entrance 2039 | -9/Mines | Discovered new exit (range 5) 2044 | -9/Mines | Entered Exiles 2074 | -9/Exiles | Met 8R-AWN 2094 | -9/Exiles | Met EX-HEX 2130 | -9/Exiles | Met EX-BIN 2145 | -9/Exiles | Aligned with FarCom system 2146 | -9/Exiles | Given EX-Vault access code 2175 | -9/Exiles | Opened EX-Vault 2218 | -9/Exiles | Found Skeleton Box 2245 | -9/Exiles | Warned to stay clear of 0b10 Research branches 2281 | -9/Exiles | Met EX-DEC 2323 | -9/Exiles | Discovered new exit (range 14) 2336 | -9/Exiles | Left Exiles lab with Skeleton Box 2336 | -9/Exiles | Entered Mines 2442 | -8/Mines | Discovered new exit (range 10) 2513 | -8/Mines | Entered Materials 2513 | -8/Materials | Evolved 2 slots: Power x1, Utility x1 2910 | -8/Materials | Build established: Scavenger-Assassin 3508 | -8/Materials | Build established: Assassin 3755 | -8/Materials | Discovered new exit (range 13) 3784 | -8/Materials | Entered Factory 3784 | -7/Factory | Accompanied by 1 ally 3784 | -7/Factory | Evolved 2 slots: Utility x2 3815 | -7/Factory | Lost 6 parts (2p1n2u1w) 4003 | -7/Factory | Discovered new exit (range 13) 4020 | -7/Factory | Entered another Factory area 4020 | -6/Factory | Evolved 2 slots: Power x1, Utility x1 4060 | -6/Factory | Build established: Mutant 4203 | -6/Factory | Garrison activated, responded to threat 4279 | -6/Factory | Lost 4 parts (1p2u1w) 4382 | -6/Factory | Lost 9 parts (2p3n2u2w) 4482 | -6/Factory | Lost 4 parts (1p1n1u1w) 4512 | -6/Factory | Core integrity fell below 50% 4533 | -6/Factory | Core integrity fell below 20% 4620 | -6/Factory | Destroyed by Y-54 Guardian with Flak Gun Last Messages --------------- K-01 Serf cleans the Matter Pump. Penetrated by Slug. Slug penetrates Wall. ALERT: Potential suspicious activity detected, Programmers report to Factory Zone 7O. Manufacturing Mainframe disabled. Destroyed Gravmag System. Manufacturing Mainframe disabled. K-01 Serf collects debris. P-60 Hacker destroyed. Acquired 41 matter. K-01 Serf collects debris. Slug penetrates Manufacturing Mainframe. Slug penetrates Y-54 Guardian. Slug penetrates Manufacturing Mainframe. Acquired Gravmag System. K-01 Serf collects debris. Acquired Imp. Heat Sink. Slug penetrates Manufacturing Mainframe. Penetrated by Slug. Map ----- +----------------------------------------------------+ | ?????????????????????????????????????????????????? | | ?????????????????????????????????????????????????? | | ?????????????????????????????????????????????????? | | ?????????????????????????????????????????????????? | | ?????????????????????????????????????????????????? | | ?????????????????????????????????????????????????? | | ?????????????????????????????????????????????????? | | ?????????????????????????????????????????????????? | | ?????????????????????????????????????????????????? | | ?????????????????????????????????????????????????? | | ?????????????????????????????????????????????????? | | ?????????????????????????????????????????????????? | | ?????????????????????????????????????????????????? | | ?????????????????????????????????????????????????? | | ?????????????????????????????????????????????????? | | ?????????????????????????????????????????????????? | | ?????????????????????????????????????????????????? | | ?????????????????????????????????????????????????? | | ?????????????????????????????????????????????????? | | ?????????????????????????????????????????????????? | | ?????????????????????????????????????????????????? | | ?????????????????????????????????????????????????? | | ???????????? ????????????????????????????????????? | | ???????????? ??????##############????????????????? | | ???????????? ??????# ! #????????????????? | | ???????????? ??????# """@ """ #????????????????? | | ???????????? ??????# """ Y"""" #????????????????? | | ???????????? ??????# """" """ #????????????????? | | ??"""""""? # ??????# """"h"""" #????????????????? | | # #?????#] h #????????????????? | | """"""""" # ####### """" """" #????????????????? | | # + """"m"""" #????????????????? | | """"""""" # ####### """ """" #????????????????? | | # #?????# """ """" #????????????????? | | ?"""""""" ?# #?????# #????????????????? | | ??? ???# #?????# k #????????????????? | | #####+###### #############/#######???????????????? | | w +?????????????? | | #####???????????????? | | #???????????????????? | | #???????????????????? | | #???????????????????? | | #########################+####???????????????????? | | ?????????????????????????????????????????????????? | | ???????????????????????????????????????????????? | | " ?????????????????????????????????????????????? | | ! " #????????????????????????????????????????????? | | " #????????????????????????????????????????????? | | " #???????????????????????????????????????????? | | " ##???????????????????????????????????????????? | +----------------------------------------------------+ Best States ------------- Heat Dissipation 75 Energy Generation 27 Energy Capacity 410 Matter Stores 300 Matter Capacity 300 Sight Range 16 Terrain Scan Range 16 Terrain Scan Density 110 ECM Strength 1 Evasion (%) 55 Melee Accuracy 6 Item Schematics ----------------- Imp. Medium Laser | -9/Materials | Scanalyzed Robot Schematics ------------------ None Fabricated ------------ Nothing Repaired ---------- Nothing Studied --------- None Alien Tech Used ----------------- None Achievements -------------- None Challenges ------------ None Game ------ Seed SpectralShockFilter Manual? 0 Play Time 00:46:14 Cumulative 43.6 hours Start 2026.09.14 @ 19:35:03 End 2026.09.14 @ 20:19:52 Sessions 1 Manual Loads 0 Difficulty Rogue Special Mode None Game No. 98 Rogue 98 Adventurer 0 Explorer 0 Win Type - Total 0 Types 0/0/0/0/0/0/0/0/0/0 Lore% 24 Gallery% 33 Achievement% 22 Wizard Run 0 Options --------- Layout 2 ASCII 0 Keyboard 0 Movement Numpad Keybinds 0 Fullscreen 1 Font 24/Smallcaps Map View 50x44 Zoom Use 0% Tactical HUD 0 Map Filters NONE Filters NONE Steam 1 RUN: e4108222-db3e-4181-8bcc-f2bf993e8210